 Dungeon Crawl Stone Soup version 0.30-a0-782-ge64f9170bb (webtiles) character file.

Game seed: 4287488989573752321

33768 Dirian the Severer (level 13, -17/117 HPs)
             Began as a Minotaur Fighter on Mar 6, 2023.
             Was a High Priest of Makhleb.
             Killed from afar by a fire dragon (36 damage)
             ... with a blast of flame
             ... on level 13 of the Dungeon.
             The game lasted 00:21:48 (13110 turns).

Dirian the Severer (Minotaur Fighter)              Turns: 13110, Time: 00:21:49

Health: -17/117    AC: 20    Str: 25    XL:     13   Next: 38%
Magic:  15/15      EV:  8    Int: 11    God:    Makhleb [*****.]
Gold:   1273       SH: 14    Dex: 13    Spells: 12/12 levels left

rFire   . . .      SeeInvis +    x - +4 war axe "Anaplaar" {freeze, Int+6 SInv Stlth+}
rCold   + . .      Faith    +    y - +1 kite shield of Wu Jian's Indignation {rC+ Will+ Dex+2}
rNeg    . . .      Spirit   .    A - +0 plate armour
rPois   +          Reflect  .    (helmet restricted)
rElec   .          Harm     .    b - +2 cloak
rCorr   .          Rampage  .    (no gloves)
Will    +....                    o - +0 pair of boots Stlth
                                 k - amulet of faith
HPRegen 0.39/turn                g - ring of poison resistance
MPRegen 0.14/turn                C - +4 ring of slaying

@: mighty, studying Shields
A: horns 2, retaliatory headbutt
a: Renounce Religion, Minor Destruction, Lesser Servant of Makhleb, Major
Destruction, Greater Servant of Makhleb


You were on level 13 of the Dungeon.
You worshipped Makhleb.
Makhleb was extremely pleased with you.
You visited 1 branch of the dungeon, and saw 13 of its levels.
You also visited: Bailey.

You collected 1273 gold pieces.

Inventory:

Hand Weapons
 a - a +1 war axe of freezing
 x - the +4 war axe "Anaplaar" (weapon) {freeze, Int+6 SInv Stlth+}
   (You found it on level 6 of the Dungeon)

   Int:       It affects your intelligence (+6).
   SInv:      It lets you see invisible.
   Stlth:     It makes you more stealthy.
 N - a +3 scimitar of flaming
Armour
 b - a +2 cloak (worn)
 o - a +0 pair of boots (worn)
 y - the +1 kite shield of Wu Jian's Indignation (worn) {rC+ Will+ Dex+2}
   (You acquired it in a bailey)

   Dex:       It affects your dexterity (+2).
   rC:        It protects you from cold.
   Will:      It increases your willpower.
 A - a +0 plate armour (worn)
Jewellery
 g - a ring of poison resistance (left hand)
 k - an amulet of faith (around neck)
 B - a ring of fire
 C - a +4 ring of slaying (right hand)
 L - a ring of positive energy
 M - a ring of magical power
Wands
 c - a wand of charming (2)
 e - a wand of flame (66)
 s - a wand of roots (10)
 I - a wand of quicksilver (11)
Scrolls
 j - a scroll of enchant weapon
 l - 2 scrolls of enchant armour
 r - 3 scrolls of identify
 t - 6 scrolls of teleportation
 u - 2 scrolls of silence
 v - 2 scrolls of immolation
 z - 2 scrolls of blinking
 F - a scroll of magic mapping
 K - a scroll of brand weapon
Potions
 d - 6 potions of might
 f - 2 potions of cancellation
 h - 4 potions of haste
 i - 4 potions of mutation
 m - 2 potions of brilliance
 n - 3 potions of resistance
 p - a potion of lignification
 q - 8 potions of curing
 w - 4 potions of heal wounds
 D - a potion of magic
 E - a potion of attraction
 H - a potion of ambrosia
 J - 2 potions of flight


   Skills:
 + Level 11.8 Fighting
 + Level 16.6 Axes
 + Level 12.5 Armour
 + Level 4.2 Dodging
 + Level 1.9 Stealth
 + Level 14.2 Shields
 - Level 5.0 Invocations
 - Level 5.0 Evocations


You had 12 spell levels left.
You didn't know any spells.
Your spell library contained the following spells:

 Spells                   Type           Power      Damage    Failure   Level
 Magic Dart               Conj           0%         1d3       99%         1
 Call Imp                 Summ           0%         N/A       100%        2
 Cigotuvi's Dreadful Rot  Necr/Pois/Air  0%         N/A       100%        2
 Poisonous Vapours        Pois/Air       0%         N/A       100%        2
 Dazzling Flash           Conj/Hex       0%         N/A       100%        3
 Mephitic Cloud           Conj/Pois/Air  0%         N/A       100%        3
 Agony                    Necr           0%         N/A       100%        5
 Silence                  Hex/Air        0%         N/A       100%        5


Dungeon Overview and Level Annotations

Branches:
Dungeon (13/15) Zot: 26395  Temple (0/1) D:6            Lair (0/5) D:11
    Orc (0/2) D:9          Bailey (visited)
 Vaults: D:13-14

Altars:
Ashenzari
Cheibriados
Fedhas
Kikubaaqudgha
Makhleb
Nemelex Xobeh
Ru
Sif Muna
Uskayaw
Vehumet
Wu Jian
Xom
Yredelemnul
The Shining One

Shops:
D:1 *   D:8 :   D:10 [

Annotations:
D:13 2 runed translucent doors


Innate Abilities, Weirdness & Mutations

You have a pair of horns on your head.
You reflexively headbutt those who attack you in melee.


Message History

You slash the skeletal warrior!
Your headbutt misses the skeletal warrior.
The skeletal warrior is lightly damaged.
You block the skeletal warrior's attack.
You closely miss the skeletal warrior.
The skeletal warrior is lightly damaged.
You slice the skeletal warrior!! You headbutt the skeletal warrior.
The skeletal warrior is heavily damaged.
You block the skeletal warrior's attack.
You barely miss the skeletal warrior.
The skeletal warrior is heavily damaged.
You block the skeletal warrior's attack.
You slash the skeletal warrior! You headbutt the skeletal warrior!
The skeletal warrior is almost destroyed.
You flicker back into view.
You hear a deafening roar!
The skeletal warrior hits you with a +0 halberd.
* * * LOW HITPOINT WARNING * * *
You hear a faint skittering sound.
You hit the skeletal warrior but do no damage.
The skeletal warrior is almost destroyed.
You barely miss the skeletal warrior. You headbutt the skeletal warrior!
You destroy the skeletal warrior!
Makhleb accepts your kill.
A fire dragon comes into view.
You slice the fire dragon!! You freeze the fire dragon.
The fire dragon is moderately wounded.
The fire dragon breathes flames at you. The blast of flame misses you.
You hear a shout!
You closely miss the fire dragon.
The fire dragon is moderately wounded.
You block the fire dragon's attack. x2
The fire dragon tramples you but does no damage.
You slash the fire dragon! You freeze the fire dragon.
Your headbutt misses the fire dragon.
The fire dragon is heavily wounded.
The fire dragon breathes flames at you. The blast of flame hits you!!!
You die...

#...#†#..###......
#.....##.).###....
##..#. #.#...###.
#..... #.#.#...###
. ... ..
#.#.#.#...### .
......
#.#.#...##..# # ..
... #.#...###.#..#
. #...### #)###..#
# ..### #@# #..# .
# #D## #. . #=# .
## . . . . . # .


You could see a fire dragon (catching breath).

Vanquished Creatures
  Josephine (D:12)
  3 hydras
  2 centaur warriors
  5 boulder beetles
  4 two-headed ogres
  2 tengu warriors (D:12)
  2 skeletal warriors (D:13)
  Lodul (D:10)
  A wizard (D:12)
  An orc knight (Bailey)
  3 deep elf pyromancers
  An ugly thing (D:13)
  5 cyclopes
  A manticore (D:11)
  3 unseen horrors
  A komodo dragon (D:12)
  An efreet (D:13)
  A kobold demonologist (D:13)
  A rime drake (D:11)
  A tengu conjurer (D:12)
  3 trolls
  Prince Ribbit (D:7)
  Grinder (D:3)
  Sigmund (D:6)
  A shadow (D:12)
  4 wyverns
  7 wraiths
  13 yaks
  13 vampire mosquitoes
  A water moccasin (D:8)
  A black bear (D:8)
  20 orc warriors
  A sky beast (D:5)
  7 ice beasts
  11 ogres
  A wolf (D:11)
  8 centaurs
  2 phantoms (D:5)
  2 kobold brigands
  Blork the orc (D:6)
  3 gnoll sergeants (D:9)
  5 bullfrogs
  2 necrophages
  5 scorpions
  5 wights (D:9)
  8 killer bees (D:9)
  8 howler monkeys
  2 jellies
  6 orc priests
  2 hounds
  Crazy Yiuf (D:3)
  Jessica (D:3)
  3 iguanas
  Ijyb (D:3)
  11 orc wizards
  8 adders
  A shadow imp (D:4)
  A white imp (D:5)
  5 ufetubi
  3 dart slugs
  61 orcs
  7 bats
  5 endoplasms
  4 giant cockroaches
  3 goblins
  8 hobgoblins
  3 quokkas
  7 ball pythons
  6 frilled lizards
  22 kobolds
  4 rats
  A spectral orc (D:5)
  2 bushes
353 creatures vanquished.

Vanquished Creatures (collateral kills)
  2 ugly things
  A yaktaur (D:12)
  2 wraiths (D:12)
5 creatures vanquished.

Vanquished Creatures (others)
  An orc wizard (D:6)
  3 plants (D:2)
4 creatures vanquished.

Grand Total: 362 creatures vanquished

Notes
Turn   | Place    | Note
-------+----------+-------------------------------------------
     0 | D:1      | Dirian the Minotaur Fighter began the quest for the Orb.
     0 | D:1      | Reached XP level 1. HP: 19/19 MP: 0/0
    93 | D:1      | Found Dusyit's General Store.
   100 | D:1      | Reached XP level 2. HP: 26/27 MP: 1/1
   485 | D:1      | You fall into a shaft and drop 1 floor!
   497 | D:2      | Reached XP level 3. HP: 19/33 MP: 2/2
   755 | D:1      | Reached skill level 3 in Axes
  1715 | D:3      | Noticed Jessica
  1721 | D:3      | Killed Jessica
  1722 | D:3      | Reached XP level 4. HP: 31/40 MP: 3/3
  2022 | D:3      | Found a runed translucent door.
  2023 | D:3      | Noticed Crazy Yiuf
  2087 | D:3      | Found an ornate altar of the Wu Jian Council.
  2144 | D:3      | Noticed Ijyb
  2153 | D:3      | Killed Ijyb
  2154 | D:3      | Reached skill level 4 in Axes
  2216 | D:3      | Noticed Grinder
  2222 | D:3      | Killed Grinder
  2223 | D:3      | Reached skill level 5 in Axes
  2223 | D:3      | Reached skill level 5 in Armour
  2223 | D:3      | Reached skill level 1 in Dodging
  2223 | D:3      | Reached XP level 5. HP: 45/47 MP: 4/4
  2223 | D:3      | Reached XP level 6. HP: 51/53 MP: 5/5
  2514 | D:3      | Killed Crazy Yiuf
  2623 | D:4      | Found a sparkling altar of Nemelex Xobeh.
  2623 | D:4      | Found a sacrificial altar of Ru.
  2625 | D:4      | Found an ancient bone altar of Kikubaaqudgha.
  2700 | D:4      | Found a blossoming altar of Fedhas.
  2821 | D:4      | Reached skill level 6 in Axes
  2993 | D:4      | Reached XP level 7. HP: 60/60 MP: 6/6
  3349 | D:4      | Reached skill level 5 in Fighting
  3393 | D:5      | Entered Level 5 of the Dungeon
  3423 | D:5      | Reached skill level 7 in Axes
  3589 | D:5      | Reached skill level 5 in Shields
  3649 | D:5      | Reached skill level 8 in Axes
  3675 | D:5      | Reached XP level 8. HP: 62/69 MP: 7/7
  4269 | D:5      | Reached skill level 9 in Axes
  4442 | D:5      | Found a basalt altar of Yredelemnul.
  4582 | D:6      | Identified the +4 war axe "Anaplaar" {freeze, Int+6 SInv
                  | Stlth+}
  4678 | D:6      | Found a glowing golden altar of the Shining One.
  4735 | D:6      | Reached skill level 1 in Stealth
  4849 | D:6      | Reached skill level 10 in Axes
  4930 | D:6      | Reached XP level 9. HP: 71/78 MP: 8/8
  5007 | D:6      | Noticed Sigmund
  5022 | D:6      | Killed Sigmund
  5185 | D:6      | Found a burning altar of Makhleb.
  5196 | D:6      | Became a worshipper of Makhleb the Destroyer
  5275 | D:6      | Found a staircase to the Ecumenical Temple.
  5338 | D:6      | Noticed Blork the orc
  5348 | D:6      | Killed Blork the orc
  5758 | D:7      | Found a radiant altar of Vehumet.
  5758 | D:7      | Found a hide-covered altar of Uskayaw.
  5893 | D:7      | Noticed Prince Ribbit
  5906 | D:7      | Killed Prince Ribbit
  5907 | D:7      | Reached skill level 11 in Axes
  6239 | D:8      | Found Wiconit's Book Boutique.
  6354 | D:8      | Noticed a two-headed ogre
  6367 | D:8      | Reached skill level 12 in Axes
  6372 | D:8      | Killed a two-headed ogre
  6372 | D:8      | Reached * piety under Makhleb
  6373 | D:8      | Reached XP level 10. HP: 19/86 MP: 9/9
  6394 | D:8      | Found a flagged portal.
  6435 | Bailey   | Entered a bailey
  6873 | Bailey   | Noticed an orc knight
  6883 | Bailey   | Killed an orc knight
  6884 | Bailey   | Reached skill level 13 in Axes
  6894 | Bailey   | Acquired the +1 kite shield of Wu Jian's Indignation {rC+
                  | Will+ Dex+2}
  7121 | Bailey   | Identified the +5 bardiche of the Lamprey {drain, rC++}
  7205 | Bailey   | Reached ** piety under Makhleb
  7912 | D:8      | Found a broken altar of Ashenzari.
  8095 | D:8      | Found a shimmering altar of Xom.
  8095 | D:8      | Found a shimmering blue altar of Sif Muna.
  8102 | D:8      | Found a faded altar of an unknown god.
  8104 | D:8      | Found a snail-covered altar of Cheibriados.
  8106 | D:8      | Found a faded altar of an unknown god.
  8482 | D:9      | Reached skill level 1 in Invocations
  8482 | D:9      | Reached skill level 1 in Evocations
  8514 | D:9      | Noticed a two-headed ogre
  8723 | D:8      | Killed a two-headed ogre
  8724 | D:8      | Reached XP level 11. HP: 77/95 MP: 11/11
  8890 | D:9      | Reached *** piety under Makhleb
  8910 | D:9      | Reached skill level 14 in Axes
  9049 | D:9      | Found a staircase to the Orcish Mines.
  9197 | D:10     | Entered Level 10 of the Dungeon
  9453 | D:10     | Found Ysuesyna's Armour Shoppe.
  9488 | D:10     | Reached skill level 10 in Armour
  9490 | D:10     | Reached **** piety under Makhleb
  9637 | D:10     | Noticed Lodul
  9649 | D:10     | Killed Lodul
 10427 | D:11     | Found a staircase to the Lair.
 10472 | D:11     | Reached skill level 15 in Axes
 10508 | D:11     | Reached skill level 10 in Shields
 10581 | D:11     | Noticed a two-headed ogre
 10587 | D:11     | Killed a two-headed ogre
 10594 | D:11     | Reached XP level 12. HP: 91/106 MP: 12/14
 11289 | D:12     | Noticed a two-headed ogre
 11295 | D:12     | Killed a two-headed ogre
 11296 | D:12     | Reached skill level 10 in Fighting
 11358 | D:12     | Reached skill level 5 in Evocations
 11426 | D:12     | Noticed a centaur warrior
 11429 | D:12     | Noticed a tengu warrior
 11431 | D:12     | Killed a centaur warrior
 11435 | D:12     | Noticed a boulder beetle
 11436 | D:12     | Noticed an eight-headed hydra
 11442 | D:12     | Noticed a boulder beetle
 11444 | D:12     | Killed a tengu warrior
 11449 | D:12     | Killed a 12-headed hydra
 11451 | D:12     | Reached skill level 5 in Invocations
 11453 | D:12     | Killed a boulder beetle
 11456 | D:12     | Reached ***** piety under Makhleb
 11469 | D:12     | Killed a boulder beetle
 11470 | D:12     | Reached skill level 16 in Axes
 11700 | D:12     | Noticed a tengu warrior
 11714 | D:12     | Killed a tengu warrior
 11714 | D:12     | Noticed a boulder beetle
 11728 | D:12     | Killed a boulder beetle
 11963 | D:12     | Identified the +8 spear "Killer Bee's Foe" {drain, rC+
                  | Will+ Int+2 Stlth+}
 12129 | D:12     | Noticed a boulder beetle
 12155 | D:12     | Killed a boulder beetle
 12208 | D:12     | Noticed Josephine
 12219 | D:12     | Killed Josephine
 12221 | D:12     | Reached XP level 13. HP: 109/115 MP: 15/15
 12750 | D:13     | Found a large runed translucent door.
 12750 | D:13     | Found a large runed translucent door.
 13092 | D:13     | Identified the ring of Xudaruna {rPois rC++ SInv}
 13107 | D:13     | Noticed a fire dragon
 13110 | D:13     | Killed from afar by a fire dragon

Illustrated notes

Levels and vault maps discovered:
D:1:      lightli_arrival_boilingwater, layout_loops_ring, serial_shops, shop,
          minmay_pentomino_r4
D:2:      minmay_chambers_of_ones, layout_basic, serial_forest,
          infiniplex_forest_end_1, infiniplex_forest_corner_1,
          infiniplex_forest_straight_4, infiniplex_forest_clump_medium,
          infiniplex_forest_end_3, infiniplex_forest_clump_double,
          infiniplex_forest_pool
D:3:      layout_basic, overflow_temple_1_default, serial_curves,
          eino_curves_02, eino_curves_04, eino_curves_04, eino_curves_03,
          uniq_jessica, uniq_grinder, uniq_crazy_yiuf_cottage, uniq_ijyb
D:4:      layout_gridville, nicolae_overflow_hidden_temple,
          mainiacjoe_overflow_boulevard, roderic_st_hans_cross, kennysheep_nub
D:5:      layout_basic, yredelemnul_forgotten_temple_becter,
          guppyfry_early_orc_mine
D:6:      layout_basic, mainiacjoe_overflow_cross_hatched, lemuel_doored_altar,
          minmay_temple_entry_gardened_gates, minmay_starry_boxes, uniq_sigmund,
          uniq_blork_the_orc
D:7:      layout_cave_pools, chequers_temple_overflow_statue_of_worship,
          uniq_prince_ribbit1
D:8:      nicolae_hitomezashi [nicolae_hito_row, nicolae_hito_row,
          nicolae_hito_row, nicolae_hito_row, nicolae_hito_row,
          nicolae_hito_row, nicolae_hito_row, nicolae_hito_row,
          nicolae_hito_row, nicolae_hito_row, nicolae_hito_row,
          nicolae_hito_row, nicolae_hito_row, nicolae_hito_row,
          nicolae_hito_row, nicolae_hito_row, nicolae_hito_row,
          nicolae_hito_row], layout_loops_ring,
          chequers_temple_overflow_minitemple, lemuel_tele_altar, serial_shops,
          nicolae_shop_hallway_stairs, enter_bailey_2, hangedman_decor_riveting
D:9:      minmay_four_partial_circles, layout_basic,
          minmay_orc_entry_temple_small
D:10:     layout_stronghold, serial_shops, shop, serial_rivers,
          chequers_serial_rivers_micro_c, chequers_serial_rivers_micro_d,
          chequers_serial_rivers_marsh, chequers_serial_rivers_micro_c,
          uniq_lodul
D:11:     layout_roguey, hellmonk_lair_entry_icy, kb_lookout_dungeons_type
D:12:     minmay_triangles_in_corner, layout_irregular_city, uniq_josephine
D:13:     minmay_the_grid_triangle_9x9_recursive_2
          [minmay_the_grid_triangle_9x9_prize_special,
          minmay_the_grid_triangle_9x9_subtriangle,
          minmay_the_grid_triangle_9x9_steps,
          minmay_the_grid_triangle_9x9_stretched_checkered], layout_cross,
          lightli_elemental_guards

Skill      XL: |  1  2  3  4  5  6  7  8  9 10 11 12 13 |
---------------+----------------------------------------+-----
Armour         | 4 5 6 7 8 9 10 12 | 12.5
Fighting       | 4 5 6 7 8 9 10 11 | 11.8
Axes           | 3 5 6 8 10 12 13 15 16 | 16.6
Shields        | 4 5 6 8 10 12 14 | 14.2
Dodging        | 1 2 3 4 |  4.2
Stealth        | 1 |  1.9
Invocations    | 2 4 5 |  5.0
Evocations     | 2 4 5 |  5.0

Action                     |  1- 3 |  4- 6 |  7- 9 | 10-12 | 13-15 || total
---------------------------+-------+-------+-------+-------+-------++-------
  Melee: War axe           |   131 |    73 |   228 |   457 |    89 ||   978
         Headbutt          |    26 |    20 |    39 |   106 |    26 ||   217
 Invoke: Lesser Servant of |       |       |       |     2 |     2 ||     4
    Use: Scroll            |       |     7 |    10 |     9 |     1 ||    27
         Potion            |       |       |     1 |     5 |     2 ||     8
   Stab: Invisible         |       |       |       |       |     2 ||     2
 Armour: Scale mail        |    43 |    39 |    40 |       |       ||   122
         Chain mail        |       |       |   108 |    16 |       ||   124
         Plate armour      |       |       |       |   194 |    42 ||   236
  Dodge: Dodged            |    46 |    39 |    96 |   142 |    21 ||   344
  Block: Buckler           |    25 |    22 |    54 |    24 |       ||   125
         Kite shield       |       |       |       |   270 |    62 ||   332

Table legend: (Time is in decaauts)
 A = Elapsed time spent in this place.
 B = Non-inter-level travel time spent in this place.
 C = Inter-level travel time spent in this place.
 D = Time resting spent in this place.
 E = Time spent auto-exploring this place.
 F = Levels seen in this place.
 G = Mean time per level.
                   A        B        C        D        E       F      G
               +--------+--------+--------+--------+--------+-----+--------+
         Total |  13198 |  12641 |    557 |    802 |   9621 |  14 |  942.7 |
       Dungeon |  12043 |  11486 |    557 |    393 |   9127 |  13 |  926.4 |
        Bailey |   1155 |   1155 |      0 |    409 |    494 |   1 | 1155.0 |
               +--------+--------+--------+--------+--------+-----+--------+

Top non-repeatable levels by time:
    D:12: 1517 daAuts
     D:6: 1235 daAuts
     D:8: 1194 daAuts
  Bailey: 1155 daAuts
     D:5: 1140 daAuts
    D:10: 1109 daAuts
     D:3: 886 daAuts
     D:2: 867 daAuts
     D:1: 859 daAuts
     D:4: 857 daAuts
    D:11: 658 daAuts
     D:9: 633 daAuts
    D:13: 604 daAuts
     D:7: 480 daAuts
